 Dungeon Crawl Stone Soup version 0.21.1-1-g345015f (webtiles) character file.

168 anp the Insei (level 5, -3/41 HPs)
             Began as a Gnoll Transmuter on Feb 26, 2018.
             Was an Initiate of Ru.
             Killed by the air
             ... invoked by Agrougrou's ghost
              (13 damage)
             ... on level 3 of the Dungeon.
             The game lasted 00:04:43 (1645 turns).

anp the Insei (Gnoll Transmuter)                    Turns: 1645, Time: 00:04:44

Health: -3/41      AC:  2    Str: 12    XL:     5   Next: 49%
Magic:  2/12       EV: 24    Int: 16    God:    Ru [......]
Gold:   108        SH:  0    Dex: 21    Spells: 8/14 levels left

rFire    . . .     SeeInvis .     - Unarmed
rCold    . . .     Gourm    .   (shield currently unavailable)
rNeg     . . .     Faith    .   (armour currently unavailable)
rPois    x         Spirit   .   (helmet currently unavailable)
rElec    .         Reflect  .   (cloak currently unavailable)
rCorr    .         Harm     .   (gloves currently unavailable)
MR       .....                  (boots currently unavailable)
Stlth    ++........             (no amulet)
HPRegen  0.13/turn              (no ring)
MPRegen  0.13/turn              (no ring)

@: spider-form
A: tiny, distributed training, strong nose
a: End Transformation, Renounce Religion


You were on level 3 of the Dungeon.
You worshipped Ru.
Ru was noncommittal.
You were not hungry.
You were a venomous arachnid creature.
You visited 1 branch of the dungeon, and saw 3 of its levels.

You collected 108 gold pieces.

Inventory:

Hand Weapons
 l - a +0 hunting sling
Missiles
 a - 73 arrows
 m - a throwing net (quivered)
Armour
 b - a +0 robe
 n - a cursed +0 pair of gloves (melded)
 s - a +2 robe of cold resistance (melded)
Wands
 q - a wand of digging (11)
Scrolls
 e - 4 scrolls of identify {unknown}
 g - 2 scrolls of teleportation {unknown}
 h - a scroll of blinking {unknown}
 i - 4 scrolls of magic mapping {unknown}
 j - 5 scrolls of fog {unknown}
 o - 2 scrolls of enchant weapon {unknown}
 p - a scroll of enchant armour {unknown}
Potions
 k - a potion of degeneration {unknown}
 r - a potion of cancellation {unknown}
Books
 c - a book of Changes

   Spells                             Type                      Level
   a - Beastly Appendage              Transmutation                1
   b - Sticks to Snakes               Transmutation                2
   c - Spider Form                    Transmutation/Poison         3
   d - Ice Form                       Ice/Transmutation            4
   e - Blade Hands                    Transmutation                5
Comestibles
 d - 4 rations
 f - 8 chunks of flesh


   Skills:
 + Level 3.0 Fighting
 + Level 1.4 Short Blades
 + Level 1.4 Long Blades
 + Level 1.4 Axes
 + Level 1.4 Maces & Flails
 + Level 1.4 Polearms
 + Level 1.4 Staves
 + Level 1.4 Slings
 + Level 1.4 Bows
 + Level 1.4 Crossbows
 + Level 1.4 Throwing
 + Level 1.4 Armour
 + Level 4.8 Dodging
 + Level 1.4 Stealth
 + Level 1.4 Shields
 + Level 6.7 Unarmed Combat
 + Level 5.2 Spellcasting
 + Level 1.1 Conjurations
 + Level 1.1 Hexes
 + Level 1.1 Charms
 + Level 1.1 Summonings
 + Level 1.1 Necromancy
 + Level 1.1 Translocations
 + Level 3.9 Transmutations
 + Level 1.1 Fire Magic
 + Level 1.1 Ice Magic
 + Level 1.1 Air Magic
 + Level 1.1 Earth Magic
 + Level 1.1 Poison Magic
 + Level 1.6 Invocations
 + Level 1.4 Evocations


You had 8 spell levels left.
You knew the following spells:

 Your Spells              Type           Power        Failure   Level  Hunger
a - Beastly Appendage     Tmut           ###...       11%         1    None
b - Sticks to Snakes      Tmut           ###.....     13%         2    #......
c - Spider Form           Tmut/Pois      ##........   34%         3    ###....


Dungeon Overview and Level Annotations

Branches:
Dungeon (3/15)

Altars:
Ru
Trog

Annotations:
D:3 Agrougrou's ghost, amateur DEAE


Innate Abilities, Weirdness & Mutations

Your experience applies equally to all skills.
((You have very sharp teeth.))
Your uncanny sense of smell can sniff out nearby items.


Message History

Your ball python barely misses Agrougrou's ghost.
The kobold hits your ball python.
You bite Agrougrou's ghost!
Agrougrou's ghost is severely damaged.
Your ball python bites Agrougrou's ghost.
Agrougrou's ghost waves its arms in wide circles.
The air twists around and strikes you!
* * * LOW HITPOINT WARNING * * *
The kobold closely misses your ball python.
You bite Agrougrou's ghost!
Agrougrou's ghost is almost destroyed.
Your ball python misses Agrougrou's ghost.
Agrougrou's ghost hits you but does no damage.
You barely miss Agrougrou's ghost.
Agrougrou's ghost is almost destroyed.
Your ball python barely misses Agrougrou's ghost.
The kobold misses your ball python.
Agrougrou's ghost waves its arms in wide circles.
The air twists around and strikes you!
You die...

....K(.... ..........#
.........# ∆...w....#
.S.....# #......#
##########......#
########.S......(K.....#
.......(sWK..........###
########.w.......###..#
###.......# ##.#
#.......# #.## ##......#
#..# #.....)# ##.##
#......# #..# #.......#
##.# ##################
#..


You could see Agrougrou's ghost, a dart slug, a kobold and a friendly ball
python.

Vanquished Creatures
  A water moccasin zombie (D:3)
  Jessica (D:3)
  3 adders
  2 worms (D:2)
  2 dart slugs
  A ball python (D:2)
  8 bats
  3 giant cockroaches
  7 goblins
  9 hobgoblins
  9 jackals
  4 frilled lizards
  3 kobolds
  2 rats
55 creatures vanquished.

Notes
Turn   | Place    | Note
-------+----------+-------------------------------------------
     0 | D:1      | anp the Gnoll Transmuter began the quest for the Orb.
     0 | D:1      | Reached XP level 1. HP: 17/17 MP: 6/6
   215 | D:1      | Reached XP level 2. HP: 23/23 MP: 7/7
   221 | D:1      | Learned a level 2 spell: Sticks to Snakes
   709 | D:1      | Reached XP level 3. HP: 28/28 MP: 9/9
   749 | D:1      | Reached skill level 5 in Spellcasting
   865 | D:2      | Learned a level 3 spell: Spider Form
   933 | D:2      | Reached skill level 1 in Invocations
  1102 | D:2      | Found a sacrificial altar of Ru.
  1128 | D:2      | Became a worshipper of Ru the Awakened
  1209 | D:2      | Reached skill level 1 in Short Blades
  1209 | D:2      | Reached skill level 1 in Long Blades
  1209 | D:2      | Reached skill level 1 in Axes
  1209 | D:2      | Reached skill level 1 in Maces & Flails
  1209 | D:2      | Reached skill level 1 in Polearms
  1209 | D:2      | Reached skill level 1 in Staves
  1209 | D:2      | Reached skill level 1 in Slings
  1209 | D:2      | Reached skill level 1 in Bows
  1209 | D:2      | Reached skill level 1 in Crossbows
  1209 | D:2      | Reached skill level 1 in Throwing
  1209 | D:2      | Reached skill level 1 in Armour
  1209 | D:2      | Reached skill level 1 in Stealth
  1209 | D:2      | Reached skill level 1 in Shields
  1209 | D:2      | Reached skill level 1 in Evocations
  1286 | D:2      | Reached XP level 4. HP: 34/34 MP: 11/11
  1365 | D:2      | Found a bloodstained altar of Trog.
  1550 | D:3      | Noticed Jessica
  1568 | D:3      | Reached skill level 1 in Conjurations
  1568 | D:3      | Reached skill level 1 in Hexes
  1568 | D:3      | Reached skill level 1 in Charms
  1568 | D:3      | Reached skill level 1 in Summonings
  1568 | D:3      | Reached skill level 1 in Necromancy
  1568 | D:3      | Reached skill level 1 in Translocations
  1568 | D:3      | Reached skill level 1 in Fire Magic
  1568 | D:3      | Reached skill level 1 in Ice Magic
  1568 | D:3      | Reached skill level 1 in Air Magic
  1568 | D:3      | Reached skill level 1 in Earth Magic
  1568 | D:3      | Reached skill level 1 in Poison Magic
  1568 | D:3      | Reached XP level 5. HP: 18/40 MP: 7/12
  1571 | D:3      | Killed Jessica
  1571 | D:3      | Reached skill level 3 in Fighting
  1620 | D:3      | Noticed Agrougrou's ghost (amateur DEAE)
  1645 | D:3      | Killed from afar by Agrougrou's ghost

Skill      XL: |  1  2  3  4  5 |
---------------+----------------+-----
Spellcasting   | 5 |  5.2
Invocations    | 1 |  1.6
Short Blades   | 1 |  1.4
Long Blades    | 1 |  1.4
Axes           | 1 |  1.4
Maces & Flails | 1 |  1.4
Polearms       | 1 |  1.4
Staves         | 1 |  1.4
Slings         | 1 |  1.4
Bows           | 1 |  1.4
Crossbows      | 1 |  1.4
Throwing       | 1 |  1.4
Armour         | 1 |  1.4
Stealth        | 1 |  1.4
Shields        | 1 |  1.4
Evocations     | 1 |  1.4
Conjurations   | 1 |  1.1
Hexes          | 1 |  1.1
Charms         | 1 |  1.1
Summonings     | 1 |  1.1
Necromancy     | 1 |  1.1
Translocations | 1 |  1.1
Fire Magic     | 1 |  1.1
Ice Magic      | 1 |  1.1
Air Magic      | 1 |  1.1
Earth Magic    | 1 |  1.1
Poison Magic   | 1 |  1.1
Fighting       | 3 |  3.0
Dodging        | |  4.8
Unarmed Combat | |  6.7
Transmutations | |  3.9

Action                   |  1- 3 |  4- 6 || total
-------------------------+-------+-------++-------
Melee: Unarmed           |   126 |    55 ||   181
       Punch             |     3 |       ||     3
       Bite              |     8 |     5 ||    13
 Cast: Sticks to Snakes  |       |     6 ||     6
       Spider Form       |       |     2 ||     2
 Stab: Sleeping          |     5 |     1 ||     6
  Eat: Chunk             |     1 |     2 ||     3
Armor: Robe              |    19 |     5 ||    24
       Skin              |       |     2 ||     2
Dodge: Dodged            |    94 |    40 ||   134
